Cogmind - Beta 10.2 @@@ ROGUE MODE // 2020.12.21 @ 12:46:01 Player: CrossedViper Result: Destroyed by S-43 Plague with Heavy Machine Gun Performance ------------- Evolutions (8) 4000 Regions Visited (17) 3400 Robots Destroyed (162) 810 Value Destroyed (6872) 6872 Prototype IDs (38) 760 Alien Tech Used (0) 0 Bonus (2227) 2227 TOTAL SCORE: 18069 Bonus ------- High Alert Combat Kills 1789 Follower Combat Kills 2514 Entered Garrisons 200 Aligned with FarCom 300 Friendly Fire -2576 Cogmind --------- Core Integrity 0/1450 Matter 241/300 Energy 100/100 System Corruption 11% Temperature Cool (0) Movement Core (50) Location -2/Garrison Parts ------- > --- POWER (2) -------- (None) > --- PROPULSION (3) --- (None) > --- UTILITY (14) ----- Enhanced Optical Array Advanced Target Analyzer Improved Core Analyzer > --- WEAPON (4) ------- (None) > --- INVENTORY (4) ---- Quantum Capacitor Femtoactuators 1C-UTU's Sword "Lootmaker" Peak State ------------ > --- POWER ------------ Micro Fission Core Light Quantum Reactor > --- PROPULSION ------- Myomer Leg Myomer Leg Centrium Leg > --- UTILITY ---------- Advanced Cooling System Large Storage Unit Large Storage Unit Large Storage Unit Enhanced Optical Array Experimental Sensor Array Advanced Signal Interpreter Melee Analysis Suite Melee Analysis Suite Advanced Target Analyzer Improved Core Analyzer Femtoactuators Improved Actuator Array Makeshift Armor Plating > --- WEAPON ----------- Falx Falx Phasing Sabre 1C-UTU's Sword "Lootmaker" > --- INVENTORY -------- Spiked Medium Treads Advanced Medium Treads Flexi-carbon Leg Myomer Leg Advanced Myomer Leg Advanced Myomer Leg Experimental Myomer Leg Armored Huge Wheel Advanced Coolant Injector Advanced Sensor Array Quantum Capacitor Advanced Weapon Cycler Improved Transmission Jammer Gamma Rifle Gamma Rifle Gamma Rifle Plasma Rifle Heavy Beamcaster Quantum Rifle 8R-AWN's Boregun [Rating: 138] Favorites ----------- Power Reinforced Ion Engine Engine Reinforced Ion Engine Power Core Neutrino Core Reactor Mini Fusion Reactor Propulsion Light Treads Treads Light Treads Leg Flexi-carbon Leg Wheel Armored Huge Wheel Hover Unit Combat Airjet Flight Unit Cooled Cesium-ion Thruster Utility Large Storage Unit Device Army-in-a-Box Storage Large Storage Unit Processor Melee Analysis Suite Protection Light Armor Plating Weapon Falx Energy Gun EM Shotgun Energy Cannon Advanced Beam Cannon Ballistic Gun High-powered Shotgun Ballistic Cannon Heavy Hardcell Cannon Launcher Rocket Launcher Slashing Weapon Falx Build | -11 -10 -10 -9 -9 -9 -8 -8 -7 -7 -6 -5 -4 -4 -4 -3 -2 -2 ------- Run | Scr Mat Min Mat Min Exi Min Mat Fac Sto Fac Fac Fac Upp Upp Res Res Gar Slots Evolved 16 | . . . 2 . . . 2 2 . 2 2 2 . . 2 2 . Power 1 | . . . . . . . . . . . . . . . 1 . . Propulsion 1 | . . . . . . . . . . 1 . . . . . . . Utility 12 | . . . 2 . . . 2 2 . 1 2 2 . . . 1 . Weapon 2 | . . . . . . . . . . . . . . . 1 1 . Parts Attached 203 | . 8 2 15 3 18 13 30 2 16 4 6 31 21 . 8 26 . Power 14 | . 1 . 1 . 1 2 1 . 2 . . . 1 . 1 4 . Engine 6 | . 1 . 1 . 1 1 1 . 1 . . . . . . . . Core 2 | . . . . . . . . . . . . . . . 1 1 . Reactor 6 | . . . . . . 1 . . 1 . . . 1 . . 3 . Propulsion 41 | . 2 . 1 . 4 2 2 1 4 1 1 8 5 . . 10 . Treads 8 | . 2 . 1 . 2 . . . . . . . . . . 3 . Leg 26 | . . . . . 2 2 2 . . . 1 8 5 . . 6 . Wheel 4 | . . . . . . . . 1 2 . . . . . . 1 . Hover 2 | . . . . . . . . . 2 . . . . . . . . Flight 1 | . . . . . . . . . . 1 . . . . . . . Utility 80 | . 2 . 7 1 9 4 15 1 . 1 3 15 9 . 4 9 . Device 34 | . . . . . 2 2 5 1 . . 1 10 7 . 1 5 . Storage 10 | . 2 . 1 1 1 . 4 . . 1 . . . . . . . Processor 9 | . . . 1 . . . . . . . . 2 1 . 2 3 . Hackware . | . . . . . . . . . . . . . . . . . . Protection 27 | . . . 5 . 6 2 6 . . . 2 3 1 . 1 1 . Artifact . | . . . . . . . . . . . . . . . . . . Weapon 68 | . 3 2 6 2 4 5 12 . 10 2 2 8 6 . 3 3 . Energy Gun 14 | . 3 1 1 . . . 4 . 2 . . . 2 . . 1 . Energy Cannon 7 | . . . . . 1 . 3 . . 1 . 1 1 . . . . Ballistic Gun 12 | . . . 2 . 1 1 2 . 3 1 . 1 1 . . . . Ballistic Cannon 1 | . . . . . . . . . . . . . . . . 1 . Launcher 11 | . . 1 2 1 . . . . 3 . . 4 . . . . . Special Weapon . | . . . . . . . . . . . . . . . . . . Impact Weapon . | . . . . . . . . . . . . . . . . . . Slashing Weapon 23 | . . . 1 1 2 4 3 . 2 . 2 2 2 . 3 1 . Piercing Weapon . | . . . . . . . . . . . . . . . . . . Special Melee Weapon . | . . . . . . . . . . . . . . . . . . Unidentified Prototypes 15 | . . . . . 3 5 1 . 2 1 . 1 . . . 2 . Parts Lost 52 | . 1 . 1 . 6 . 2 . 1 . 1 14 3 . . 23 . Power 3 | . . . . . . . . . . . . . . . . 3 . Propulsion 11 | . . . . . 3 . . . . . . 2 1 . . 5 . Utility 28 | . . . . . 3 . 2 . . . 1 10 . . . 12 . Weapon 10 | . 1 . 1 . . . . . 1 . . 2 2 . . 3 . Highest Loss Streak 9 | . 1 . 1 . 6 . 1 . 1 . 1 9 2 . . 8 . Average Slot Usage (%) 85 | . 99 100 100 100 98 93 96 54 49 55 57 72 86 100 97 79 13 Engine 7 | . 14 14 11 11 11 11 9 7 6 . . . . . . . . Reactor 1 | . . . . . . . . . . 6 5 5 5 5 4 3 . Treads 8 | . 3 28 22 22 15 . . . . . . . . . . . . Leg 7 | . 24 . . . 6 22 18 1 . . 2 8 14 15 14 9 . Wheel 1 | . . . . . . . . 6 6 6 5 3 . . . . . Device 8 | . . . . . . 4 14 7 7 6 5 19 31 36 19 11 . Storage 20 | . 27 28 22 23 25 22 25 15 15 20 17 15 15 15 14 10 . Processor 6 | . . . 8 11 9 . . . . . . 4 5 10 18 21 13 Protection 5 | . . . 13 9 8 16 12 . . . 10 7 2 5 5 3 . Energy Gun 6 | . 28 19 10 . . . 5 15 9 . . . 3 . . . . Ballistic Gun 1 | . . . 10 3 . 4 1 . . . . . 2 . . . . Launcher 2 | . . 8 . 11 6 . . . . 5 . 3 . . . . . Slashing Weapon 5 | . . . 1 7 15 12 2 . . . 5 3 2 10 13 13 . Naked Turns . | . . . . . . . . . . . . . . . . . . Heaviest Build 160 | 11 43 44 64 65 65 64 71 130 132 149 153 160 86 86 112 122 . Greatest Support 80 | 20 40 40 40 40 60 60 60 60 28 28 40 73 75 60 60 80 3 Greatest Overweight (x) 9 | . 2 1 1 1 1 1 1 4 9 5 5 3 2 1 1 2 . Average Overweight (x) 1 | . 1 1 1 1 . . . 3 4 4 4 1 . 1 1 . . Largest Inventory Capacity 22 | . 16 16 22 22 22 16 22 22 16 22 22 22 22 22 22 22 4 Average Capacity 18 | . 15 16 16 16 17 16 19 16 16 21 22 22 22 22 22 18 4 Most Carried 22 | . 16 16 17 19 22 16 20 20 16 22 22 22 22 22 22 22 4 Average Carried 17 | . 14 15 15 16 15 15 18 15 15 18 21 21 19 22 21 18 4 Final Capacity 22 | 6 16 16 16 22 16 16 22 16 16 22 22 22 22 22 22 4 4 Final Carried 22 | 6 15 15 16 19 16 16 20 16 16 22 22 20 22 22 22 4 4 Class Distribution -------------------- 49% | Mutant 24% | Scavenger-Mutant 21% | Hauler-Mutant 3% | Scavenger-Assassin Dominant Class ---------------- Mutant | -10/Materials Mutant | -10/Mines Mutant | -9/Materials Mutant | -9/Mines Hauler-Mutant | -9/Exiles Scavenger-Mutant | -8/Mines Scavenger-Mutant | -8/Materials Mutant | -7/Factory Mutant | -7/Storage Hauler-Mutant | -6/Factory Hauler-Mutant | -5/Factory Hauler-Mutant | -4/Factory Scavenger-Mutant | -4/Upper Caves Scavenger-Mutant | -4/Upper Caves Scavenger-Mutant | -3/Research Scavenger-Mutant | -2/Research Mutant | -2/Garrison Resources | -11 -10 -10 -9 -9 -9 -8 -8 -7 -7 -6 -5 -4 -4 -4 -3 -2 -2 ----------- Run | Scr Mat Min Mat Min Exi Min Mat Fac Sto Fac Fac Fac Upp Upp Res Res Gar Matter Collected 2575 | 200 60 115 271 61 118 135 291 76 101 152 50 335 375 6 70 159 . Remotely . | . . . . . . . . . . . . . . . . . . Salvage Created 8247 | . 456 205 562 376 147 130 1248 . 340 200 . 2585 526 . . 1472 . Parts 438 | . 30 10 51 18 5 7 69 . 18 6 . 105 17 . . 102 . Haulers Intercepted 6 | . 1 . 2 . . . 2 . . 1 . . . . . . . Recyclers Shooed 4 | . . . . . . . 1 . 1 1 . 1 . . . . . Parts Field Recycled . | . . . . . . . . . . . . . . . . . . Retrieved Matter . | . . . . . . . . . . . . . . . . . . Parts Self-Destructed 11 | . . . . . . . . . . . . . 11 . . . . Prevented 7 | . . . . . . . . . . . . . 7 . . . . Kills | -11 -10 -10 -9 -9 -9 -8 -8 -7 -7 -6 -5 -4 -4 -4 -3 -2 -2 ------- Run | Scr Mat Min Mat Min Exi Min Mat Fac Sto Fac Fac Fac Upp Upp Res Res Gar Combat Hostiles Destroyed 128 | . 8 9 15 6 3 2 20 . 3 2 . 35 6 . . 19 . Melee 31 | . . . . 3 2 . 1 . 1 . . 5 . . . 19 . Guns 31 | . 6 . 8 . . 2 9 . 1 1 . 4 . . . . . Cannons 12 | . . . . . . . 9 . . 1 . . 2 . . . . AOE 42 | . 1 9 7 3 1 . 1 . . . . 18 2 . . . . Classes Destroyed 20 | . 3 2 3 2 1 . 1 . 2 . . 3 3 . . . . Worker 7 | . . . . 1 . . . . 3 . . 2 . . . 1 . Builder 8 | . . . 3 1 . . 2 . . . . 2 . . . . . Tunneler 2 | . . 1 . 1 . . . . . . . . . . . . . Hauler 6 | . 1 . 2 . . . 2 . . 1 . . . . . . . Recycler 3 | . . . . 1 . . . . 1 . . 1 . . . . . Mechanic 1 | . . . . . . . . . . . . 1 . . . . . Drone 1 | . . . . . . . . . . . . 1 . . . . . Watcher 8 | . 2 . 1 . . . 2 . . . . 1 . . . 2 . Swarmer 22 | . . 3 7 3 . 1 . . . . . 4 . . . 4 . Saboteur 1 | . . . . . . . . . . . . 1 . . . . . Grunt 64 | . 8 6 5 2 . . 13 . . 1 . 21 3 . . 5 . Brawler 6 | . . . 1 1 . . 1 . . . . 2 . . . 1 . Sentry 8 | . . . 2 . . . 4 . 1 . . 1 . . . . . Demolisher 2 | . . . . . . . . . 1 . . 1 . . . . . Hunter 3 | . . . . . . . 2 . . . . 1 . . . . . Programmer 15 | . . . . . . . . . 1 1 . 4 . . . 9 . Samaritan 1 | . . . . . . . . . . . . . 1 . . . . Assembled 6 | . . . . . 6 . . . . . . . . . . . . Thug 1 | . . . . . . . . . . . . . 1 . . . . Butcher 1 | . . . . . . . . . . . . . 1 . . . . Mutant 1 | . . . . . . . . . . . . . 1 . . . . Best Kill Streak 14 | . 4 4 4 3 2 2 6 . 2 2 . 14 3 . . 6 . Combat Bots Only 10 | . 4 4 4 3 2 2 4 . 1 1 . 10 3 . . 5 . Max Kills in Single Turn 5 | . 1 3 4 3 4 1 1 . 1 1 . 5 1 . . 1 . Gunslinging . | . . . . . . . . . . . . . . . . . . Exploded 4 | . 1 3 4 3 1 . 1 . . . . 4 1 . . . . Melee 1 | . . . . 1 1 . 1 . 1 . . 1 . . . 1 . Uniques/NPCs Destroyed 3 | . . . . 1 1 1 . . . . . . . . . . . YI-UF0 (-9/Mines) 8R-AWN (-9/Exiles) 1C-UTU (-8/Mines) Combat | -11 -10 -10 -9 -9 -9 -8 -8 -7 -7 -6 -5 -4 -4 -4 -3 -2 -2 -------- Run | Scr Mat Min Mat Min Exi Min Mat Fac Sto Fac Fac Fac Upp Upp Res Res Gar Damage Taken 14038 | . 329 58 205 115 897 7 964 . 617 288 374 3389 809 . 127 5841 18 Core 2502 | . 122 . 23 . 84 . 179 . 39 19 14 427 77 . 53 1447 18 Absorbed by Shields 140 | . . . . . . . 134 . . . . . . . . . 6 Core Remaining (%) 81 | 100 . 51 . . . 73 67 . 94 97 98 . . 56 95 . . Volleys Fired 245 | . 30 7 31 3 2 . 66 . 27 9 . 44 23 . . 3 . Largest 2 | . 2 1 2 1 1 . 2 . 2 2 . 1 2 . . 1 . Hottest 155 | . 90 33 70 33 100 . 136 . 110 126 . 100 155 . . 80 . Shots Fired 436 | . 55 7 53 3 2 10 130 . 42 17 . 80 34 . . 3 . Gun 281 | . 55 . 51 2 . 10 63 . 42 4 . 36 18 . . . . Cannon 90 | . . . . . 2 . 67 . . 5 . 2 11 . . 3 . Launcher 65 | . . 7 2 1 . . . . . 8 . 42 5 . . . . Special . | . . . . . . . . . . . . . . . . . . Kinetic 125 | . . . 29 2 . 10 27 . 5 4 . 36 9 . . 3 . Thermal 87 | . . . . . 2 . 67 . . 5 . 2 11 . . . . Explosive 10 | . . 7 2 1 . . . . . . . . . . . . . Electromagnetic 214 | . 55 . 22 . . . 36 . 37 8 . 42 14 . . . . Robot Hit Streak 13 | . 13 2 8 3 2 4 11 . 10 6 . 7 9 . . 2 . Robot Miss Streak 5 | . 3 3 5 3 . 1 4 . 2 1 . 3 2 . . 1 . Penetration Max . | . . . . . . . . . . . . . . . . . . Secondary Targets 1 | . 1 . . . . . . . . . . . . . . . . Max Gunslinging Chain 1 | . 1 . . . . . . . . . . . . . . . . Autonomous 76 | . . . . . . 10 23 . 2 4 . 37 . . . . . Shots Hit Robots 451 | . 44 2 39 17 35 8 92 . 31 12 4 51 26 . 1 89 . Core Hits 296 | . 23 14 32 11 12 5 42 . 15 7 . 82 12 . . 41 . Critical Hits 24 | . . . . . 5 . 5 . 2 . 1 3 1 . . 7 . Critical Kills 9 | . . . . . 1 . 2 . 1 . . 1 . . . 4 . Critical Parts Destroyed 12 | . . . . . 2 . 3 . 1 . . 2 1 . . 3 . Melee Attacks 203 | . . . . 18 39 . 7 . 4 . 5 13 5 . 1 111 . Impact . | . . . . . . . . . . . . . . . . . . Slashing 203 | . . . . 18 39 . 7 . 4 . 5 13 5 . 1 111 . Piercing . | . . . . . . . . . . . . . . . . . . Sneak Attacks 17 | . . . . 11 . . 2 . . . . . 2 . 1 1 . Combat Hostiles . | . . . . . . . . . . . . . . . . . . Follow-up Attacks 34 | . . . . . 5 . 1 . . . 1 . . . . 27 . Damage Inflicted 21055 | . 739 636 842 1365 1770 246 2210 . 520 741 165 6426 1296 . 117 3982 . Guns 4518 | . 639 . 560 21 . 246 933 . 382 152 . 1230 355 . . . . Cannons 1845 | . . . . . 212 . 860 . . 125 . 221 324 . . 103 . Explosions 7056 | . 100 636 282 136 398 . 142 . . 464 . 4545 353 . . . . Melee 7576 | . . . . 1208 1160 . 259 . 138 . 165 430 264 . 117 3835 . Ramming 60 | . . . . . . . 16 . . . . . . . . 44 . Kinetic 3031 | . . . 354 21 . 246 686 . 97 152 . 1230 142 . . 103 . Thermal 3813 | . 100 . . . 610 . 1002 . . 125 . 1652 324 . . . . Explosive 1054 | . . 636 282 136 . . . . . . . . . . . . . Electromagnetic 5521 | . 639 . 206 . . . 247 . 285 464 . 3114 566 . . . . Impact . | . . . . . . . . . . . . . . . . . . Slashing 7576 | . . . . 1208 1160 . 259 . 138 . 165 430 264 . 117 3835 . Piercing . | . . . . . . . . . . . . . . . . . . Highest Corruption 11 | . . . 1 1 1 1 . . . 1 . 2 2 2 . 11 11 Average Corruption 2 | . . . 1 1 1 1 . . . 1 . 1 2 2 . 5 11 Corruption Purged . | . . . . . . . . . . . . . . . . . . Effects 39 | . . . 1 7 1 1 . . . 1 . 1 5 1 . 20 1 Message Errors 10 | . . . 1 4 1 1 . . . . . . . . . 3 . Matter Fused 5 | . . . . . . . . . . . . . . . . 5 . Heat Flow Errors 2 | . . . . . . . . . . . . . 1 . . 1 . Energy Discharges 7 | . . . . 2 . . . . . . . . 2 . . 3 . Parts Rejected 2 | . . . . . . . . . . . . . . . . 2 . Data Loss (minor) 9 | . . . . 1 . . . . . 1 . 1 2 1 . 2 1 Data Loss (major) 1 | . . . . . . . . . . . . . . . . 1 . Targeting Errors 3 | . . . . . . . . . . . . . . . . 3 . Overload Shots . | . . . . . . . . . . . . . . . . . . Overflow Damage 900 | . 14 8 . 253 53 . 12 . 5 . . 196 173 . 77 109 . Projectiles 38 | . . . . . . . . . . . . 36 . . . 2 . Explosions 243 | . 14 8 . . 53 . 12 . . . . 156 . . . . . Melee 619 | . . . . 253 . . . . 5 . . 4 173 . 77 107 . Knockbacks 2 | . . . . . . . . . . . . . . . . 2 . Impact 1 | . . . . . . . . . . . . . . . . 1 . Kinetic 1 | . . . . . . . . . . . . . . . . 1 . Secondary . | . . . . . . . . . . . . . . . . . . Self-Inflicted Damage 328 | . 68 32 . 29 . . 88 . . 33 . 72 . . . 6 . Shots 12 | . 2 1 . 1 . . 2 . . 2 . 4 . . . . . Rammed 4 | . . 1 . . . . 1 . . . . . . . . 2 . Targets Rammed 5 | . . 1 . . . . 1 . . . . . . . . 3 . Kicked 1 | . . . . . . . . . . . . . . . . 1 . Crushed . | . . . . . . . . . . . . . . . . . . Highest Temperature 365 | . 273 . 183 . 48 . 365 . 102 309 . 25 141 . . 58 . Average Temperature 92 | . 102 . 47 . 25 . 123 . 44 136 . 10 26 . . 22 . Received Heat Transfer 2159 | . 144 6 66 12 . . 390 . 135 99 45 484 262 . 39 477 . Effects 6 | . 1 . . . . . 5 . . . . . . . . . . Shutdowns 2 | . . . . . . . 2 . . . . . . . . . . Interference 3 | . 1 . . . . . 2 . . . . . . . . . . Damage (minor) 1 | . . . . . . . 1 . . . . . . . . . . Siege Activations . | . . . . . . . . . . . . . . . . . . Robots Corrupted 13 | . 1 . . . . . . . 1 1 . 8 2 . . . . Combat Hostiles 11 | . 1 . . . . . . . 1 . . 7 2 . . . . Parts Fried 24 | . 3 . . . . . 1 . 2 2 . 12 4 . . . . Impact Corruptions . | . . . . . . . . . . . . . . . . . . Robots Melted 1 | . . . . . . . . . . . . 1 . . . . . Combat Hostiles 1 | . . . . . . . . . . . . 1 . . . . . Parts Melted 2 | . . . . . . . 1 . . . . 1 . . . . . Heat Transferred 4455 | . 150 . . . 640 . 1704 . . 148 . 1480 333 . . . . Parts Sabotaged . | . . . . . . . . . . . . . . . . . . Parts Stolen 2 | . . . . . . . . . . . . . 2 . . . . Parts Stripped . | . . . . . . . . . . . . . . . . . . Power Chain Reactions 12 | . 2 . . . . . 2 . . . . 8 . . . . . Missiles Intercepted . | . . . . . . . . . . . . . . . . . . Alert | -11 -10 -10 -9 -9 -9 -8 -8 -7 -7 -6 -5 -4 -4 -4 -3 -2 -2 ------- Run | Scr Mat Min Mat Min Exi Min Mat Fac Sto Fac Fac Fac Upp Upp Res Res Gar Peak Influence 1376 | . 217 240 339 188 . 27 533 363 1002 650 700 1376 . . 436 586 343 Initial 387 | . . . 18 73 . . 10 165 165 387 318 343 . . 384 222 343 Average 337 | . 53 99 194 46 . 18 343 236 764 461 446 880 . . 407 405 343 Maximum Alert Level 4 | . 1 1 1 . . . 2 1 3 2 3 4 . . 2 2 1 Low Security (%) 40 | . 92 70 53 100 . 100 18 61 7 . . . . . . . . Level 1 27 | . 7 29 46 . . . 51 38 10 47 33 7 . . 57 43 100 Level 2 18 | . . . . . . . 30 . 7 52 64 30 . . 42 56 . Level 3 10 | . . . . . . . . . 75 . 1 27 . . . . . Level 4 3 | . . . . . . . . . . . . 34 . . . . . Level 5 . | . . . . . . . . . . . . . . . . . . High Security . | . . . . . . . . . . . . . . . . . . Max Security . | . . . . . . . . . . . . . . . . . . Squads Dispatched 38 | . 2 . 1 . . . 2 1 6 4 3 10 . . 1 8 . Investigation 5 | . . . . . . . . . 1 . 1 . . . . 3 . Extermination 8 | . . . . . . . . 1 1 1 . 2 . . . 3 . Reinforcement 15 | . 2 . 1 . . . 2 . 3 3 1 3 . . . . . Assault 8 | . . . . . . . . . 1 . 1 3 . . 1 2 . Garrison 2 | . . . . . . . . . . . . 2 . . . . . Intercept . | . . . . . . . . . . . . . . . . . . Construction Impeded 4 | . . . . . . . . . 1 2 . 1 . . . . . Haulers Reinforced 4 | . . . . . . . . . 2 1 . 1 . . . . . Stealth | -11 -10 -10 -9 -9 -9 -8 -8 -7 -7 -6 -5 -4 -4 -4 -3 -2 -2 --------- Run | Scr Mat Min Mat Min Exi Min Mat Fac Sto Fac Fac Fac Upp Upp Res Res Gar Distress Signals 12 | . . . 3 . . . 2 . 2 1 . 1 . . . 3 . Communications Jammed 33 | . . . . . . . . . . . . . . . . 33 . Distress Signals 33 | . . . . . . . . . . . . . . . . 33 . Times Spotted 302 | . 15 11 24 6 4 2 29 5 39 13 11 74 10 . 6 51 2 Peak Tracking Total 12 | . 3 4 4 3 5 2 6 3 5 5 5 12 4 . 4 11 5 Tactical Retreats 22 | . . . 1 . . . 4 . 3 . . 6 . . . 8 . Traps | -11 -10 -10 -9 -9 -9 -8 -8 -7 -7 -6 -5 -4 -4 -4 -3 -2 -2 ------- Run | Scr Mat Min Mat Min Exi Min Mat Fac Sto Fac Fac Fac Upp Upp Res Res Gar Traps Triggered 10 | . . . 1 . . . . . 1 4 . 3 . . . . 1 Indirectly 7 | . . . . . . . . . . 4 . 3 . . . . . Trap Hack Attempts . | . . . . . . . . . . . . . . . . . . Triggered . | . . . . . . . . . . . . . . . . . . Disarmed . | . . . . . . . . . . . . . . . . . . Reprogrammed . | . . . . . . . . . . . . . . . . . . Reused . | . . . . . . . . . . . . . . . . . . Traps Extracted . | . . . . . . . . . . . . . . . . . . Installed . | . . . . . . . . . . . . . . . . . . Triggered . | . . . . . . . . . . . . . . . . . . Machines | -11 -10 -10 -9 -9 -9 -8 -8 -7 -7 -6 -5 -4 -4 -4 -3 -2 -2 ---------- Run | Scr Mat Min Mat Min Exi Min Mat Fac Sto Fac Fac Fac Upp Upp Res Res Gar Machines Disabled 22 | . . 1 . 2 3 . . . 5 1 1 8 . . . 1 . Max in Single Turn 2 | . . 1 . 2 2 . . . 1 1 . 1 . . . 1 . Garrison Access 1 | . . . . . . . . . . . . 1 . . . . . Machines Sabotaged . | . . . . . . . . . . . . . . . . . . Garrisons Compromised . | . . . . . . . . . . . . . . . . . . Overloaded Fab Kills . | . . . . . . . . . . . . . . . . . . Fab Network Shutdowns . | . . . . . . . . . . . . . . . . . . Hacking | -11 -10 -10 -9 -9 -9 -8 -8 -7 -7 -6 -5 -4 -4 -4 -3 -2 -2 --------- Run | Scr Mat Min Mat Min Exi Min Mat Fac Sto Fac Fac Fac Upp Upp Res Res Gar Machines Accessed 20 | . . . 1 . 1 . 2 . 5 1 1 2 . . 1 6 . Terminals 16 | . . . 1 . . . 1 . 5 1 1 2 . . . 5 . Fabricators . | . . . . . . . . . . . . . . . . . . Repair Stations 1 | . . . . . . . 1 . . . . . . . . . . Recycling Units . | . . . . . . . . . . . . . . . . . . Scanalyzers . | . . . . . . . . . . . . . . . . . . Garrison Access 2 | . . . . . . . . . . . . . . . 1 1 . Total Hacks 44 | . . . 1 . 1 . 4 . 10 3 2 10 . . 2 11 . Successful 17 | . . . . . 1 . 3 . 3 2 . 7 . . . 1 . Failed 27 | . . . 1 . . . 1 . 7 1 2 3 . . 2 10 . Catastrophic 6 | . . . 1 . . . . . 1 . 1 1 . . . 2 . Database Lockouts . | . . . . . . . . . . . . . . . . . . Manual 8 | . . . 1 . 1 . . . 1 1 . 2 . . . 2 . Terminals 38 | . . . 1 . . . 2 . 10 3 2 10 . . . 10 . Fabricators . | . . . . . . . . . . . . . . . . . . Repair Stations 2 | . . . . . . . 2 . . . . . . . . . . Recycling Units . | . . . . . . . . . . . . . . . . . . Scanalyzers . | . . . . . . . . . . . . . . . . . . Garrison Access 3 | . . . . . . . . . . . . . . . 2 1 . Terminal Hacks 12 | . . . . . 1 . 1 . 3 2 . 5 . . . . . Open Door 3 | . . . . . . . . . 3 . . . . . . . . Branch Access Points 1 | . . . . . . . 1 . . . . . . . . . . Alert Level 3 | . . . . . . . . . . 1 . 2 . . . . . Unreport Threat 4 | . . . . . . . . . . 1 . 3 . . . . . EX-Prototype ID Bank 1 | . . . . . 1 . . . . . . . . . . . . Fabricator Hacks . | . . . . . . . . . . . . . . . . . . Repair Station Hacks 2 | . . . . . . . 2 . . . . . . . . . . Scan Component 1 | . . . . . . . 1 . . . . . . . . . . Repair 1 | . . . . . . . 1 . . . . . . . . . . Recycling Unit Hacks . | . . . . . . . . . . . . . . . . . . Scanalyzer . | . . . . . . . . . . . . . . . . . . Garrison Access Hacks 1 | . . . . . . . . . . . . . . . . 1 . Unlock Access 1 | . . . . . . . . . . . . . . . . 1 . Unauthorized Hacks 2 | . . . . . . . . . . . . 2 . . . . . Terminals 2 | . . . . . . . . . . . . 2 . . . . . Track 1 | . . . . . . . . . . . . 1 . . . . . Botnet 1 | . . . . . . . . . . . . 1 . . . . . Fabricators . | . . . . . . . . . . . . . . . . . . Repair Stations . | . . . . . . . . . . . . . . . . . . Recycling Units . | . . . . . . . . . . . . . . . . . . Scanalyzers . | . . . . . . . . . . . . . . . . . . Garrison Access . | . . . . . . . . . . . . . . . . . . Data Cores Recovered 1 | . . . . . . . . . . 1 . . . . . . . Used 1 | . . . . . . . . . . 1 . . . . . . . Hacking Detections 15 | . . . 1 . . . 1 . 3 1 1 2 . . 1 5 . Full Trace Events 5 | . . . . . . . . . 1 . 1 . . . . 3 . Feedback Events 1 | . . . . . . . . . . . . . . . . 1 . Corruption 1 | . . . . . . . . . . . . . . . . 1 . Feedback Blocked . | . . . . . . . . . . . . . . . . . . Robot Schematics Acquired . | . . . . . . . . . . . . . . . . . . Robots Built . | . . . . . . . . . . . . . . . . . . Matter . | . . . . . . . . . . . . . . . . . . Time . | . . . . . . . . . . . . . . . . . . Total Robot Build Rating . | . . . . . . . . . . . . . . . . . . Part Schematics Acquired . | . . . . . . . . . . . . . . . . . . Parts Built . | . . . . . . . . . . . . . . . . . . Matter . | . . . . . . . . . . . . . . . . . . Time . | . . . . . . . . . . . . . . . . . . Total Part Build Rating . | . . . . . . . . . . . . . . . . . . Parts Repaired 1 | . . . . . . . 1 . . . . . . . . . . Time 99 | . . . . . . . 99 . . . . . . . . . . Parts Recycled . | . . . . . . . . . . . . . . . . . . Recycled Matter . | . . . . . . . . . . . . . . . . . . Retrieved Matter . | . . . . . . . . . . . . . . . . . . Retrieved Components . | . . . . . . . . . . . . . . . . . . Parts Scanalyzed . | . . . . . . . . . . . . . . . . . . Part Schematics Acquired . | . . . . . . . . . . . . . . . . . . Parts Damaged . | . . . . . . . . . . . . . . . . . . Bothacking | -11 -10 -10 -9 -9 -9 -8 -8 -7 -7 -6 -5 -4 -4 -4 -3 -2 -2 ------------ Run | Scr Mat Min Mat Min Exi Min Mat Fac Sto Fac Fac Fac Upp Upp Res Res Gar Used RIF Installer . | . . . . . . . . . . . . . . . . . . Robots Hacked . | . . . . . . . . . . . . . . . . . . Non-combat . | . . . . . . . . . . . . . . . . . . Combat . | . . . . . . . . . . . . . . . . . . Robot Hacks Applied . | . . . . . . . . . . . . . . . . . . Relay Couplers Released 1 | . . . . . . . . . . . . 1 . . . . . Machine Destruction 1 | . . . . . . . . . . . . 1 . . . . . Robots Rewired 2 | . . . . . . . . . . . . . 2 . . . . Allies Hacked . | . . . . . . . . . . . . . . . . . . Hacks Repelled . | . . . . . . . . . . . . . . . . . . Allies | -11 -10 -10 -9 -9 -9 -8 -8 -7 -7 -6 -5 -4 -4 -4 -3 -2 -2 -------- Run | Scr Mat Min Mat Min Exi Min Mat Fac Sto Fac Fac Fac Upp Upp Res Res Gar Total Allies 6 | . . 4 . . . . . . . . . . 2 . . . . Largest Group 4 | . . 4 1 . . . . . . . . . 2 2 2 . . Highest-Rated Group 76 | . . 71 16 . . . . . . . . . 76 76 76 . . Highest-Rated Ally 38 | . . 31 16 . . . . . . . . . 38 38 38 . . Total Orders 68 | . . . . . . . . 4 31 6 8 15 . . 3 1 . STAY 2 | . . . . . . . . . . . . . . . 2 . . FOLLOW 1 | . . . . . . . . . . . . . . . 1 . . EXPLORE 1 | . . . . . . . . . . . . . . . . 1 . RETURN 64 | . . . . . . . . 4 31 6 8 15 . . . . . Ally Attacks 518 | . . 9 13 . . . . 31 182 70 66 144 . . 3 . . Total Damage 10203 | . . 146 132 . . . . 640 3731 1098 1169 3208 . . 79 . . Kills 85 | . . 2 3 . . . . 5 34 11 12 17 . . 1 . . Allies Corrupted 2 | . . . . . . . . . 1 . . 1 . . . . . Allies Melted . | . . . . . . . . . . . . . . . . . . Intel | -11 -10 -10 -9 -9 -9 -8 -8 -7 -7 -6 -5 -4 -4 -4 -3 -2 -2 ------- Run | Scr Mat Min Mat Min Exi Min Mat Fac Sto Fac Fac Fac Upp Upp Res Res Gar Robot Analysis Total . | . . . . . . . . . . . . . . . . . . Derelict Logs Recovered 5 | . . 1 . 2 . . . . . . . . 1 1 . . . Drone Launches 126 | . . . . . . . . 11 46 12 17 38 . . . 2 . Drone Recoveries 94 | . . . . . . . . 11 32 12 13 26 . . . . . Exploration | -11 -10 -10 -9 -9 -9 -8 -8 -7 -7 -6 -5 -4 -4 -4 -3 -2 -2 ------------- Run | Scr Mat Min Mat Min Exi Min Mat Fac Sto Fac Fac Fac Upp Upp Res Res Gar Turns Passed 10080 | . 817 733 811 1169 883 133 902 310 874 324 301 740 682 129 355 876 41 Spaces Moved 5618 | 1 397 394 380 612 469 67 437 186 530 197 186 438 402 86 212 567 57 Core 182 | . . . . . . . . . . . . . . . . 125 57 Treads 1727 | . 50 394 380 612 285 . . . . . . . . . . 6 . Legs 2234 | 1 347 . . . 184 67 437 16 . . . 129 402 86 212 353 . Wheels 1473 | . . . . . . . . 170 528 197 186 309 . . . 83 . Hover 2 | . . . . . . . . . 2 . . . . . . . . Flight . | . . . . . . . . . . . . . . . . . . Fastest Speed 50 | 120 120 180 180 180 120 120 120 120 140 140 130 110 120 150 150 50 50 Average Speed 151 | 120 174 180 180 180 156 125 144 143 141 147 149 125 139 150 150 120 50 Slowest Speed 590 | 120 180 180 180 180 180 150 150 180 590 150 150 180 180 150 150 180 50 Overloaded Moves . | . . . . . . . . . . . . . . . . . . Propulsion Burnouts . | . . . . . . . . . . . . . . . . . . Robots Hopped 2 | . . . . . . . . . . . . . . . 2 . . Cave-ins Triggered . | . . . . . . . . . . . . . . . . . . Exploration Rate (%) 34 | 2 68 75 34 95 41 16 43 8 86 8 7 17 61 14 5 27 18 Regions Visited 17 Branch Regions 7 Pre-discovered Areas 1 | . . 1 . . . . . . . . . . . . . . . Known Exits Taken 1 | . . . . . . . . . . . . . . . . 1 . Unknown Exits Taken 16 | 1 1 1 1 1 1 1 1 1 1 1 1 1 1 1 1 . . Scrap Searched 7 | . . 3 . 1 . 1 . . . . . . 1 1 . . . Spaces Dug 7 | . . . . . . . 2 . . . . . . . . 5 . Terrain Destroyed 201 | . 5 80 17 6 18 8 23 . . 4 . 32 2 . . 6 . Melee 7 | . . . . . . . 2 . . . . . . . . 5 . Projectile 34 | . . . . . . 8 9 . . 4 . 10 2 . . 1 . AOE 160 | . 5 80 17 6 18 . 12 . . . . 22 . . . . . Terrain Rammed . | . . . . . . . . . . . . . . . . . . Walls Destroyed . | . . . . . . . . . . . . . . . . . . Machines Disabled . | . . . . . . . . . . . . . . . . . . Actions | -11 -10 -10 -9 -9 -9 -8 -8 -7 -7 -6 -5 -4 -4 -4 -3 -2 -2 --------- Run | Scr Mat Min Mat Min Exi Min Mat Fac Sto Fac Fac Fac Upp Upp Res Res Gar Total 6701 | . 470 411 456 644 558 114 593 237 612 218 201 551 478 86 252 751 69 Wait 204 | . 14 . 9 4 1 24 25 28 19 1 . 14 2 1 20 42 . Move 5597 | . 396 393 379 611 468 66 436 185 529 196 185 437 401 85 207 566 57 Hop 2 | . . . . . . . . . . . . . . . 2 . . Pick Up 116 | . 15 4 12 4 20 4 9 11 4 5 4 1 9 . 4 10 . Fast Attach 63 | . 1 . 1 . 1 3 9 1 8 1 3 14 11 . 3 7 . Attach 67 | . 3 . 3 . 12 3 5 1 5 2 3 11 4 . 3 12 . Detach 20 | . . . . . 1 . 1 . 3 3 . 7 1 . 1 3 . Swap 73 | . 4 2 11 3 5 7 16 . 3 1 . 6 6 . 2 7 . Drop 132 | . 7 4 10 1 16 7 19 11 10 . 2 4 7 . 9 25 . Fire 245 | . 30 7 31 3 2 . 66 . 27 9 . 44 23 . . 3 . Melee 156 | . . . . 18 32 . 6 . 4 . 4 13 5 . 1 73 . Ram 1 | . . . . . . . . . . . . . . . . 1 . Kick 3 | . . . . . . . 1 . . . . . . . . 2 . Crush 1 | . . 1 . . . . . . . . . . . . . . . Escape Stasis 12 | . . . . . . . . . . . . . . . . . 12 Rewire 9 | . . . . . . . . . . . . . 9 . . . . Trap . | . . . . . . . . . . . . . . . . . . Miscellaneous . | . . . . . . . . . . . . . . . . . . Route ------- -11/Scrapyard -10/Materials (discovered 4 exits: *Mat x3 / [*Min]) -10/Mines (discovered 2 exits: *Mat x2) -9/Materials (discovered 2 exits: *Mat / [*Min]) -9/Mines (discovered 4 exits: *Mat x2 / *Exi / [*Zio]) -9/Exiles -8/Mines -8/Materials -7/Factory (discovered 3 exits: *Sto / *Low x2) -7/Storage -6/Factory -5/Factory -4/Factory -4/Upper Caves -4/Upper Caves -3/Research (discovered 2 exits: *Res / Arm) -2/Research -2/Garrison History --------- Turn | Location | Event 1 | -11/Scrapyard | Discovered new exit (range 0) 1 | -11/Scrapyard | Entered Materials 307 | -10/Materials | Build established: Mutant 361 | -10/Materials | Discovered new exit (range 11) 463 | -10/Materials | Discovered new exit (range 16) 745 | -10/Materials | Discovered new exit (range 16) 806 | -10/Materials | Discovered new exit (range 6) 818 | -10/Materials | Entered Mines 867 | -10/Mines | Discovered new exit (range 8) 874 | -10/Mines | Received a Rocket Launcher from a helpful Derelict 1069 | -10/Mines | Assisted by bots powering up and referring to "LRC-V3" 1207 | -10/Mines | Received a Mining Laser from a helpful Derelict 1448 | -10/Mines | Learned location of Storage (-7) 1522 | -10/Mines | Discovered new exit (range 8) 1551 | -10/Mines | Entered Materials 1551 | -9/Materials | Accompanied by 1 ally 1551 | -9/Materials | Evolved 2 slots: Utility x2 1905 | -9/Materials | Discovered new exit (range 8) 2335 | -9/Materials | Discovered new exit (range 15) 2362 | -9/Materials | Entered Mines 2537 | -9/Mines | Discovered new exit (range 14) 2548 | -9/Mines | Learned 2 Materials zone layouts 2557 | -9/Mines | Discovered new exit (range 13) 2786 | -9/Mines | Found a damaged Exp. Sensor Array with a note attached 2791 | -9/Mines | Found Prototype Device 2960 | -9/Mines | YI-UF0 nonchalantly dropped a Grenade Launcher on the ground 2969 | -9/Mines | Destroyed YI-UF0 3280 | -9/Mines | A Derelict revealed a hidden shortcut to a safe place 3524 | -9/Mines | Deemed a non-threat by the Exiles lab entrance 3524 | -9/Mines | Discovered new exit (range 5) 3531 | -9/Mines | Entered Exiles 3656 | -9/Exiles | Build established: Hauler-Mutant 3747 | -9/Exiles | Met 8R-AWN 3779 | -9/Exiles | Met EX-HEX 3829 | -9/Exiles | Met EX-BIN 3851 | -9/Exiles | Aligned with FarCom system 3853 | -9/Exiles | Given EX-Vault access code 3894 | -9/Exiles | Opened EX-Vault 3918 | -9/Exiles | Found YOLO Cannon 3958 | -9/Exiles | Warned to stay clear of 0b10 Research branches 4030 | -9/Exiles | Attacked by the Exiles 4140 | -9/Exiles | Destroyed 8R-AWN 4149 | -9/Exiles | Lost 6 parts (3n3u) 4158 | -9/Exiles | Found Prototype Ballistic Gun 4272 | -9/Exiles | Found AWS/Gauss 4275 | -9/Exiles | Found Army-in-a-Box 4332 | -9/Exiles | Build established: Mutant 4351 | -9/Exiles | Identified Exp. Sensor Array 4394 | -9/Exiles | Discovered new exit (range 14) 4414 | -9/Exiles | Stole three prototypes: AWS/Gauss, Army-in-a-Box, YOLO Cannon 4414 | -9/Exiles | Entered Mines 4445 | -8/Mines | 1C-UTU came to Exiles' defense 4454 | -8/Mines | Destroyed 1C-UTU 4460 | -8/Mines | Found Prototype Slashing Weapon 4460 | -8/Mines | Identified 1C-UTU's Sword "Lootmaker" 4477 | -8/Mines | Found Prototype Device 4477 | -8/Mines | Identified Femtoactuators 4499 | -8/Mines | Identified 8R-AWN's Boregun 4535 | -8/Mines | Discovered new exit (range 10) 4547 | -8/Mines | Entered Materials 4547 | -8/Materials | Evolved 2 slots: Utility x2 4775 | -8/Materials | Build established: Scavenger-Mutant 5127 | -8/Materials | Repaired Adv. Myomer Leg 5445 | -8/Materials | Discovered new exit (range 4) 5449 | -8/Materials | Entered Factory 5449 | -7/Factory | Evolved 2 slots: Utility x2 5450 | -7/Factory | Identified exit to Lower Caves 5732 | -7/Factory | Discovered exit to Lower Caves (range 8) 5738 | -7/Factory | Discovered new exit (range 15) 5749 | -7/Factory | Build established: Mutant 5759 | -7/Factory | Entered Storage 6159 | -7/Storage | First assault squad dispatched 6532 | -7/Storage | Discovered new exit (range 15) 6633 | -7/Storage | Entered Factory 6633 | -6/Factory | Evolved 2 slots: Propulsion x1, Utility x1 6838 | -6/Factory | Build established: Hauler-Mutant 6912 | -6/Factory | Discovered new exit (range 14) 6957 | -6/Factory | Entered another Factory area 6957 | -5/Factory | Evolved 2 slots: Utility x2 7193 | -5/Factory | Discovered new exit (range 17) 7257 | -5/Factory | First assault squad dispatched 7258 | -5/Factory | Entered another Factory area 7258 | -4/Factory | Evolved 2 slots: Utility x2 7309 | -4/Factory | Garrison activated, responded to threat 7443 | -4/Factory | Spotted B-86 Titan 7542 | -4/Factory | First assault squad dispatched 7711 | -4/Factory | Destroyed 10 combat bots 7764 | -4/Factory | Destroyed 10 combat bots 7817 | -4/Factory | Lost 9 parts (1n6u2w) 7980 | -4/Factory | Discovered new exit (range 15) 7998 | -4/Factory | Entered Upper Caves 7998 | -4/Upper Caves | Spotted EN-5MZ(f) 7999 | -4/Upper Caves | Encountered a Master Thief 7999 | -4/Upper Caves | Spotted LB-CXF(f) 8000 | -4/Upper Caves | Encountered a Master Thief 8004 | -4/Upper Caves | Broken AWS/Gauss stolen by Master Thief 8005 | -4/Upper Caves | YOLO Cannon stolen by Master Thief 8018 | -4/Upper Caves | Lost 4 parts (1n3u) 8224 | -4/Upper Caves | Attacked by a faux Warlord 8384 | -4/Upper Caves | Build established: Scavenger-Mutant 8630 | -4/Upper Caves | Discovered new exit (range 14) 8663 | -4/Upper Caves | Learned 8 Research zone layouts 8680 | -4/Upper Caves | Entered another Upper Caves area 8680 | -4/Upper Caves | Accompanied by 2 allies 8772 | -4/Upper Caves | Discovered new exit (range 11) 8809 | -4/Upper Caves | Entered Research 8809 | -3/Research | Accompanied by 2 allies 8809 | -3/Research | Evolved 2 slots: Power x1, Weapon x1 8810 | -3/Research | Identified exit to Armory 9059 | -3/Research | First assault squad dispatched 9090 | -3/Research | Discovered new exit (range 21) 9164 | -3/Research | Entered another Research area 9164 | -2/Research | Evolved 2 slots: Utility x1, Weapon x1 9255 | -2/Research | Found Quantum Capacitor 9689 | -2/Research | Build established: Scavenger-Assassin 9696 | -2/Research | First assault squad dispatched 9766 | -2/Research | Spotted B-90 Cyclops 9810 | -2/Research | Lost 8 parts (1p7u) 9861 | -2/Research | Core integrity fell below 50% 9922 | -2/Research | Lost 6 parts (1p2n1u2w) 9977 | -2/Research | Core integrity fell below 20% 10007 | -2/Research | Lost 7 parts (3n3u1w) 10028 | -2/Research | System corruption reached 10% 10040 | -2/Research | Identified exit to Garrison 10040 | -2/Research | Entered Garrison 10058 | -2/Garrison | Spotted B-90 Cyclops 10081 | -2/Garrison | Destroyed by S-43 Plague with Heavy Machine Gun Last Messages --------------- Access door unlocked. 10040_ EXIT=UNLOCKED: GARRISON LOCATION=GARRISON GOAL=ESCAPE 10067_ System corrupted: Component data lost. 10069_ Triggered Stasis Trap. 10069_ A bubble of rippling energy engulfs the area. 10069_ Field strength at 94. 10069_ Field strength at 88. 10070_ Field strength at 82. 10071_ Field strength at 76. 10072_ Field strength at 70. 10073_ Field strength at 64. 10074_ Field strength at 58. 10075_ Field strength at 52. 10076_ Field strength at 46. 10077_ Field strength at 40. 10078_ Field strength at 34. 10079_ Field strength at 28. 10080_ Field strength at 22. Map ----- +----------------------------------------------------+ | ?????????????????????????????????????????????????? | | ?????????????????????????????????????????????????? | | ?????????????????????????????????????????????????? | | ?????????????????????????????????????????????????? | | ?????????????????????????????????????????????????? | | ?????????????????????????????????????????????????? | | ?????????????????????????????????????????????????? | | ?????????????????????????????????????????????????? | | ?????????????????????????????????????????????????? | | ?????????????????????????????????????????????????? | | ?????????????????????????????????????????????????? | | ?????????????????????????????????????????????##### | | ?????????????????????????????????????????????# # | | ?????????????###############++####++########## # | | ?????????????# # | | ?????????????# # | | ?????????????# # | | ?????????????# ####### ######################## | | ?????????????# #?????# #??????????????????????? | | ?????????????# #?????# #??????????????????????? | | ?????????????# #?????# #??????????????????????? | | ?????????????# #?????# #####"""##### # #??????? | | ?????????????# #?????# #??????? | | ?????????????# #?????# #??????? | | ?????????????# #?????# ##### #####| ]#??????? | | ???? #######^@#???????"#?????????????? | | ???? #??????????????????????? | | ???? #??????????????????????? | | ???????# ##s s##########??????????????????????? | | ?????????? ?# #???????????????????????????????? | | ?????????? ?? "???????????????????????????????? | | ????????? ?? "???????????????????????????????? | | ????????? ??? ????????????????????????????????? | | ???????? ?? ????????????????????????????????? | | ???????# ???## ????????????????????????????????? | | ???????# ????# ????????????????????????????????? | | ??????? ????? ????????????????????????????????? | | ????????????? ????????????????????????????????? | | ????????????? ????????????????????????????????? | | ?????????????# #????????????????????????????????? | | ?????????????? ?????????????????????????????????? | | ?????????????? ?????????????????????????????????? | | ?????????????????????????????????????????????????? | | ?????????????????????????????????????????????????? | | ?????????????????????????????????????????????????? | | ?????????????????????????????????????????????????? | | ?????????????????????????????????????????????????? | | ?????????????????????????????????????????????????? | | ?????????????????????????????????????????????????? | | ?????????????????????????????????????????????????? | +----------------------------------------------------+ Best States ------------- Heat Dissipation 112 Coolant Potential 100 Energy Generation 39 Energy Capacity 405 Matter Stores 300 Matter Capacity 300 Sight Range 22 Robot Scan Range 30 Terrain Scan Density 10 Jamming Range 12 Power Amplification 20 Additional Mass Support 24 Armor Coverage 700 Resistance: TH 30 Resistance: EX 25 Utility Shielding 66 Thermal Conversion 60 Weapon Cycling 25 Melee Speed Boost 50 Evasion (%) 50 Melee Accuracy 10 Target Analysis 8 Core Analysis 8 Recoil Reduction 2 Particle Charging 20 Item Schematics ----------------- None Robot Schematics ------------------ None Fabricated ------------ Nothing Alien Tech Used ----------------- None Achievements -------------- None Challenges ------------ None Game ------ Seed SiegeIntegrationFalx Manual? 1 Play Time 01:36:22 Cumulative 170.9 hours Start 2020.12.21 @ 11:02:57 End 2020.12.21 @ 12:46:01 Sessions 1 Manual Loads 0 Difficulty Rogue Special Mode None Game No. 168 Rogue 161 Adventurer 0 Explorer 7 Win Type - Total 3 Types 0/0/3/0/0/0/0/0/0 Lore% 62 Gallery% 89 Achievement% 64 Wizard Run 0 Options --------- ASCII 0 Keyboard 0 Movement Numpad Keybinds 0 Fullscreen 1 Font 18/X11 Map View 76x50 Tactical HUD 1 Map Filters NONE Filters NONE Steam 1 RUN: 2c87f82b-c6d2-47ef-a5bf-19dfa438716a